 Dungeon Crawl Stone Soup version 0.17-a0-1738-g82cdc46 (webtiles) character file.

216 kae the Gusty (level 5, -1/28 HPs)
             Began as a Deep Elf Air Elementalist on Aug 30, 2015.
             Slain by a slave (7 damage)
             ... led by Pikel
             ... on level 4 of the Dungeon.
             The game lasted 00:05:23 (4324 turns).

kae the Gusty (Deep Elf Air Elementalist)           Turns: 4324, Time: 00:05:24

Health: -1/28      AC:  2    Str:  6      XL:     5   Next: 61%
Magic:  2/11       EV: 12    Int: 20      God:
Gold:   168        SH:  0    Dex: 13 (15) Spells: 2 memorised, 6 levels left

rFire  . . .     SeeInvis .     q - -3 dagger (curse)
rCold  . . .     Clarity  .     a - +0 robe
rNeg   . . .     SustAt   .     (no shield)
rPois  .         Gourm    .     k - +1 helmet
rElec  .         Spirit   .     p - +0 cloak {MR+}
rCorr  .         Warding  .     (no gloves)
rMut   .         Stasis   .     (no boots)
MR     +....                    (no amulet)
Stlth  ++........               (no ring)
                                r - -3 ring of protection (curse)

@: somewhat resistant to hostile enchantments, unstealthy
A: no striking features
a: no special abilities


You were on level 4 of the Dungeon.
You were hungry.

You visited 1 branch of the dungeon, and saw 5 of its levels.

You collected 168 gold pieces.

Inventory:

Hand weapons
 l - a +0 short sword
 q - a cursed -3 dagger (weapon)
Armour
 a - a +0 robe (worn)
 k - a +1 helmet (worn)
 p - a +0 cloak of magic resistance (worn)
Jewellery
 r - a cursed -3 ring of protection (left hand)
 u - an uncursed ring of fire
Magical devices
 h - a wand of random effects (25)
Scrolls
 e - 2 scrolls of random uselessness
 f - a scroll of identify
 i - 2 scrolls of teleportation
 s - a scroll of fog {unknown}
Potions
 d - 2 potions of cure mutation
 n - a potion of flight
Books
 b - a book of Air

   Spells                             Type                      Level
   a - Shock                          Conjuration/Air              1
   b - Swiftness                      Charms/Air                   2
   c - Repel Missiles                 Charms/Air                   2
   d - Static Discharge               Conjuration/Air              3
   e - Lightning Bolt                 Conjuration/Air              5
Comestibles
 c - 4 bread rations
 j - 3 beef jerkies
 m - 4 meat rations
 o - a slice of pizza
 t - 2 fruits


   Skills:
 - Level 2.4 Dodging
 - Level 2.4 Stealth
 - Level 3.0 Spellcasting
 - Level 1.1 Conjurations
 + Level 6.4 Air Magic


You had 6 spell levels left.
You knew the following spells:

 Your Spells              Type           Power        Failure   Level  Hunger
a - Shock                 Conj/Air       ###.         2%          1    None
b - Static Discharge      Conj/Air       ###.....     10%         3    ###....


Dungeon Overview and Level Annotations

Branches:
Dungeon (5/15)
 Temple: D:4-7

Altars:
Cheibriados
Fedhas


Message History

Confirm with . or Enter, or press ? or * to list all spells.
Aiming: Shock
Press: ? - help, Shift-Dir - straight line, f/p - slave
Aim: a slave, wearing an animal skin (lightly wounded)
The zap hits the slave.
The slave is moderately wounded.
The slave hits you. The slave completely misses you.
You climb upwards.
There is a stone staircase leading down here.
Unknown command.
Casting: Shock
Confirm with . or Enter, or press ? or * to list all spells.
The slave is struck by lightning.
The slave is heavily wounded.
The lightning arcs!
You are struck by lightning.
The lightning grounds out.
The slave hits you.
* * * LOW HITPOINT WARNING * * *
The slave hits you!
You die...

#.# #.#.#...#####
#.# #.#.#.#.# #.#
#.#.#.#.####
#.####.#.#.#....##
#.................
#.####.#...#....##
#.# #.#........#.
#p####.#.###....#.
#@................
#########..........
#..................
#.#################
#.#................
#.#.###############
#.#.#<...##########
#.#.####.........##
#.#..............##


You could see a slave.

Vanquished Creatures
  An orc wizard (D:3)
  An iguana (D:4)
  2 orc priests
  3 adders
  An ooze (D:2)
  3 worms
  A giant gecko (D:2)
  9 orcs
  5 bats
  2 giant cockroaches (D:3)
  8 goblins
  4 hobgoblins
  2 jackals (D:1)
  9 kobolds
  2 quokkas (D:3)
  A ball python (D:2)
  5 giant newts
  A quokka skeleton (D:4)
  6 rats
66 creatures vanquished.

Notes
Turn   | Place    | Note
--------------------------------------------------------------
     0 | D:1      | kae the Deep Elf Air Elementalist began the quest for the Orb.
     0 | D:1      | Reached XP level 1. HP: 10/10 MP: 6/6
   428 | D:1      | Reached XP level 2. HP: 15/15 MP: 2/8
   919 | D:2      | Found a faded altar to an unknown god.
   923 | D:2      | Reached skill level 4 in Air Magic
  1044 | D:2      | Reached XP level 3. HP: 19/19 MP: 6/9
  1653 | D:3      | Reached XP level 4. HP: 2/24 MP: 2/10
  1754 | D:3      | Reached skill level 5 in Air Magic
  1969 | D:3      | Found a blossoming altar of Fedhas.
  2342 | D:3      | Learned a level 3 spell: Static Discharge
  3129 | D:3      | Reached XP level 5. HP: 28/28 MP: 8/11
  3258 | D:4      | Reached skill level 6 in Air Magic
  3870 | D:4      | Found a snail-covered altar of Cheibriados.
  4302 | D:5      | Entered Level 5 of the Dungeon
  4306 | D:5      | Noticed a slave
  4307 | D:5      | Noticed a slave
  4310 | D:5      | Noticed a slave
  4313 | D:5      | Noticed a slave
  4324 | D:4      | Slain by a slave

Vault maps used:
D:1:      lightli_arrival_boilingwater
D:2:      first_bread, ecumenical_altar_2, kennysheep_generic_room_2
D:3:      fedhas_altar_1, kennysheep_generic_room_5
D:4:      old_standard_altar
D:5:      lemuel_doored_altar, minmay_temple_entry_purple_smoke, trog_book,
          uniq_menkaure, uniq_pikel

Action                   |  1- 3 |  4- 6 || total
-------------------------+-------+-------++-------
Melee: Unarmed           |    11 |       ||    11
       Short sword       |     5 |     5 ||    10
       Dagger            |       |    32 ||    32
 Cast: Shock             |    60 |   101 ||   161
       Static Discharge  |       |     6 ||     6
  Use: Potion            |     3 |     1 ||     4
       Scroll            |       |     8 ||     8
  Eat: Chunk             |     1 |     7 ||     8
       Royal jelly       |       |     1 ||     1
